 Dungeon Crawl Stone Soup version 0.17.1-3-g152610e (webtiles) character file.

591 TekkuMuffin the Ducker (level 7, -4/58 HPs)
             Began as a Ghoul Gladiator on Apr 21, 2016.
             Was an Initiate of Vehumet.
             Killed by divine providence
             ... invoked by an orc priest
              (17 damage)
             ... on level 5 of the Dungeon.
             The game lasted 00:47:33 (4844 turns).

TekkuMuffin the Ducker (Ghoul Gladiator)            Turns: 4844, Time: 00:47:33

Health: -4/58      AC:  7    Str: 20      XL:     7   Next: 39%
Magic:  6/6        EV: 11    Int:  7 (8)  God:    Vehumet [......]
Gold:   153        SH:  0    Dex:  7 (9)  Spells: 0 memorised, 6 levels left

rFire  . . .     SeeInvis .     M - +0 falchion
rCold  + . .     Clarity  .     q - +0 ring mail
rNeg   + + +     SustAt   .     (no shield)
rPois  ∞         Gourm    .     i - +0 helmet of Ice Qibb {rN+ Regen+ Int+4}
rElec  .         Spirit   .     D - +0 cloak
rCorr  .         Warding  .     (no gloves)
rMut   .         Stasis   .     (no boots)
MR     .....                    (no amulet)
Stlth  +.........               (no ring)
                                l - ring of positive energy

@: rotting, not resistant to hostile enchantments, very unstealthy
A: rotting body, claws 1, carnivore 3, cold resistance 1, negative energy
resistance 3, slow regeneration 1, torment resistance, unbreathing
a: Renounce Religion


You were on level 5 of the Dungeon.
You worshipped Vehumet.
Vehumet was noncommittal.
You were not hungry.

You visited 1 branch of the dungeon, and saw 5 of its levels.

You collected 153 gold pieces.

Inventory:

Hand Weapons
 a - a +0 rapier
 k - a +0 giant spiked club
 I - a +0 blowgun
 M - a +0 falchion (weapon)
Missiles
 d - 139 stones (quivered)
 m - 28 poisoned needles
 n - 17 sling bullets
 s - 11 bolts of flame
 B - 17 arrows
Armour
 b - a +0 leather armour
 c - a +0 helmet
 i - the +0 helmet of Ice Qibb (worn) {rN+ Regen+ Int+4}
   (You found it on level 4 of the Dungeon)

   It affects your intelligence (+4).
   It protects you from negative energy.
   It increases your rate of regeneration.
 o - a +0 leather armour
 q - a +0 ring mail (worn)
 t - a +0 ring mail
 D - a +0 cloak (worn)
 K - a +0 leather armour
 L - a +2 robe of cold resistance
Jewellery
 l - a ring of positive energy (left claw)
 x - an uncursed ring of poison resistance
Wands
 h - a wand of flame (9)
 r - a wand of invisibility (3)
Scrolls
 e - a scroll of recharging
 g - 2 scrolls of fog
 z - 5 scrolls of remove curse
 J - 3 scrolls of identify
Potions
 f - a potion of curing
 j - a potion of haste {unknown}
 u - 3 potions of flight {unknown}
 F - a potion of poison
Comestibles
 p - a meat ration
 v - 2 chunks of flesh


   Skills:
 + Level 3.7 Fighting
 + Level 3.6(3.7) Short Blades
 + Level 0.8(2.4) Long Blades
 + Level 3.5 Throwing
 + Level 2.7 Armour
 + Level 4.2 Dodging
 + Level 2.6 Stealth


You had 6 spell levels left.
You didn't know any spells.

Dungeon Overview and Level Annotations

Branches:
Dungeon (5/15)
 Temple: D:4-7

Altars:
Cheibriados
Dithmenos
Fedhas
Kikubaaqudgha
Sif Muna
Vehumet
Zin
The Shining One


Innate Abilities, Weirdness & Mutations

Your body is rotting away.
You thrive on raw meat.
You are immune to poison.
You have sharp fingernails.
You are carnivorous and can eat meat at any time.
Your flesh is cold resistant.
You are immune to negative energy.
You regenerate slowly when monsters are visible.
You are immune to unholy pain and torment.
You can survive without breathing.


Message History

You are confused.
The orc wizard gestures at you while chanting.
You resist with some effort.
You're too confused to move!
The orc priest casts a cantrip, but nothing happens.
The orc hits you with a hand axe.
The orc wizard casts a spell.
The orc wizard flickers and vanishes!
Deactivating autopickup; reactivate with Ctrl-A.
The orc priest calls down the wrath of Beogh upon you.
Something smites you!
* * * LOW HITPOINT WARNING * * *
The orc hits you but does no damage.
You feel less confused.
The orc wizard mumbles some strange words.
The orc wizard blinks!
The orc priest casts a cantrip, but nothing happens.
The orc priest invokes the aid of Beogh against you.
Something smites you!
You die...

### ###
#.###########.###
#................
#.############### #.#
#.. #.#### ##.#
#######....#########...
#..........##.........(
#.#>..@....'........(..
#.#.###oo..##..........
#.#.# #...o#####.......
#.#.# #..o.o...###.....
#.#.###.............#.#
#.#........oo..........
#.........#............
#......#..#......#...
##...............# ..


You could see 3 orc priests, 2 orc wizards and 2 orcs.

Vanquished Creatures
  Grinder (D:3)
  2 ogres (D:4)
  A scorpion (D:4)
  A worker ant (D:5)
  Jessica (D:3)
  Robin (D:3)
  3 adders
  A shadow imp (D:5)
  3 adder skeletons (D:4)
  A worm (D:2)
  3 giant geckos
  A ball python (D:2)
  7 bats
  3 giant cockroaches
  14 goblins
  12 hobgoblins
  12 kobolds
  A quokka (D:4)
  A giant gecko zombie (D:5)
  3 giant newts
  A quokka skeleton (D:4)
  5 rats
78 creatures vanquished.

Notes
Turn   | Place    | Note
--------------------------------------------------------------
     0 | D:1      | TekkuMuffin the Ghoul Gladiator began the quest for the Orb.
     0 | D:1      | Reached XP level 1. HP: 17/17 MP: 0/0
   514 | D:1      | Reached XP level 2. HP: 17/23 MP: 1/1
   796 | D:1      | Reached skill level 3 in Dodging
  1877 | D:2      | Found a blossoming altar of Fedhas.
  1966 | D:2      | Reached XP level 3. HP: 29/29 MP: 2/2
  2379 | D:2      | Found a deep blue altar of Sif Muna.
  2385 | D:2      | Became a worshipper of Sif Muna the Loreminder
  2555 | D:3      | Noticed Robin
  2594 | D:2      | Reached skill level 1 in Stealth
  2776 | D:2      | Reached XP level 4. HP: 16/37 MP: 3/3
  2778 | D:2      | Reached skill level 1 in Armour
  2818 | D:3      | Killed Robin
  2954 | D:3      | Found an ancient bone altar of Kikubaaqudgha.
  3135 | D:3      | Fell from the grace of Sif Muna
  3135 | D:3      | Became a worshipper of Kikubaaqudgha
  3156 | D:3      | Noticed Grinder
  3174 | D:3      | Paralysed by Grinder for 5 turns
  3199 | D:3      | Paralysed by Grinder for 2 turns
  3211 | D:3      | Paralysed by Grinder for 2 turns
  3214 | D:3      | Killed Grinder
  3214 | D:3      | Reached XP level 5. HP: 5/45 MP: 4/4
  3214 | D:3      | Reached XP level 6. HP: 5/51 MP: 5/5
  3375 | D:3      | Noticed Jessica
  3408 | D:3      | Killed Jessica
  3758 | D:3      | Found a glowing silver altar of Zin.
  3837 | D:4      | Found a radiant altar of Vehumet.
  3862 | D:4      | Fell from the grace of Kikubaaqudgha
  3862 | D:4      | Became a worshipper of Vehumet
  3868 | D:4      | Got a brightly glowing helmet
  3884 | D:4      | Identified the +0 helmet of Ice Qibb {rN+ Regen+ Int+4} (You found it on level 4 of the Dungeon)
  3977 | D:4      | Reached skill level 4 in Dodging
  4002 | D:4      | Found a glowing golden altar of the Shining One.
  4017 | D:4      | Reached XP level 7. HP: 50/57 MP: 6/6
  4188 | D:4      | Found a shadowy altar of Dithmenos.
  4674 | D:5      | Entered Level 5 of the Dungeon
  4693 | D:5      | Found a snail-covered altar of Cheibriados.
  4844 | D:5      | Killed from afar by an orc priest

Action                   |  1- 3 |  4- 6 |  7- 9 || total
-------------------------+-------+-------+-------++-------
Melee: Rapier            |   171 |    87 |       ||   258
       Falchion          |       |    27 |    72 ||    99
Throw: Throwing net      |    47 |    20 |       ||    67
       Stone             |    19 |    20 |    30 ||    69
  Use: Scroll            |     8 |     1 |     2 ||    11
       Potion            |     3 |     2 |       ||     5
 Stab: Held in net/web   |     5 |     4 |       ||     9
  Eat: Chunk             |    21 |     6 |     3 ||    30
       Meat ration       |     1 |     3 |       ||     4
       Pizza             |     1 |       |     2 ||     3
       Beef jerky        |       |     1 |       ||     1
